 Dungeon Crawl Stone Soup version 0.27-a0-1501-g9d6fb14e67 (webtiles) character file.

Game seed: 14315990273647269977

319 Lekart the Slasher (level 6, 0/52 HPs)
             Began as a Draconian Chaos Knight on July 8, 2021.
             Was a Plaything of Xom.
             Killed from afar by an orc wizard (7 damage)
             ... with a magic dart
             ... on level 2 of the Dungeon.
             The game lasted 00:03:32 (2085 turns).

Lekart the Slasher (Draconian Chaos Knight)         Turns: 2085, Time: 00:03:32

Health: 0/52       AC:  7    Str: 14    XL:     6   Next: 21%
Magic:  9/9        EV: 12    Int: 12    God:    Xom [..*...]
Gold:   85         SH:  0    Dex: 13    Spells: 9/9 levels left

rFire    . . .     SeeInvis .   a - +0 falchion (chaos)
rCold    . . .     Faith    .   (no shield)
rNeg     . . .     Spirit   .   (armour unavailable)
rPois    .         Reflect  .   (helmet restricted)
rElec    .         Harm     .   (no cloak)
rCorr    .         Rampage  .   d - +0 pair of gloves
Will     .....                  (no boots)
Stlth    +.........             (no amulet)
HPRegen  0.17/turn              (no ring)
MPRegen  0.11/turn              (no ring)

@: no status effects
A: AC +6, unfitting armour, cold-blooded, wild magic 1
a: Renounce Religion


You were on level 2 of the Dungeon.
You worshipped Xom.
You were a toy of Xom.
You visited 1 branch of the dungeon, and saw 3 of its levels.

You collected 85 gold pieces.

Inventory:

Hand Weapons
 a - a +0 falchion of chaos (weapon)
Missiles
 c - 2 boomerangs (quivered)
Armour
 d - a +0 pair of gloves (worn)
Jewellery
 h - a +4 ring of evasion
 i - a +4 ring of evasion
Scrolls
 e - 3 scrolls of vulnerability {unknown}
 f - a scroll of teleportation {unknown}
 j - 2 scrolls of fog {unknown}
 m - 2 scrolls of enchant weapon {unknown}
Potions
 k - a potion of invisibility {unknown}
 l - a potion of haste {unknown}


   Skills:
 + Level 4.2 Fighting
 + Level 4.3 Long Blades
 + Level 2.8 Throwing
 + Level 2.9 Dodging
 * Level 2.2 Spellcasting


You had 9 spell levels left.
You didn't know any spells.
Your spell library was empty.

Dungeon Overview and Level Annotations

Branches:
Dungeon (3/15)

Altars:


Innate Abilities, Weirdness & Mutations

Your plain brown scales are hard. (AC +6)
You cannot fit into any form of body armour.
You are cold-blooded and may be slowed by cold attacks.
Your spells are a little harder to cast, but a little more powerful.


Message History

The orc closely misses you. The orc hits you with a +0 club.
Something barely misses you.
You are too injured to fight recklessly!
You are too injured to fight recklessly!
Something hits you but does no damage.
There is a stone staircase leading up, spattered with blood here.
Something hits you but does no damage.
The orc hits you from afar with a +0 trident.
The orc hits you but does no damage.
The endoplasm jiggles.
You climb upwards.
Reactivating autopickup.
There is a stone staircase leading down here.
You barely miss the orc.
The orc is lightly wounded.
Something hits you.
Deactivating autopickup; reactivate with Ctrl-A.
The orc hits you with a +0 club.
* * * LOW HITPOINT WARNING * * *
You slash the orc! You freeze the orc.
You kill the orc!
Something hits you.
* * * LOW HITPOINT WARNING * * *
Something hits you but does no damage.
Things that are here:
a +0 club; an orc corpse You closely miss something.
You hear some strange, mumbled words.
A magic dart appears from out of thin air!
The magic dart hits you.
* * * LOW HITPOINT WARNING * * *
You barely miss something. Something hits you.
* * * LOW HITPOINT WARNING * * *
You miss something.
An orc wizard appears from thin air!
Reactivating autopickup.
The orc wizard closely misses you.
You closely miss the orc wizard. The orc wizard casts a spell at you.
The magic dart hits you!
You die...

#### #.# #.# ###### ...# ######.#
#.# ##.# #...##.# #.# #.#
###....(.# #.#
##.#####........########.########
.................................
...#####........>)######.########
#### ###...##.o†# #.# #
#...##.@.# #.# # ##.###...# #.# #
#.# #...######.# # #.#
#..........# # #.# #...#########
# #.# #...........# ##### # #.#
#...#######.# #.... # #.# ###.#
#.# #..## # #.# #.# #.# #.>#


You could see an orc wizard.

Vanquished Creatures
  A rime drake (D:2)
  3 adders (D:2)
  A worm (D:2)
  A dart slug (D:1)
  2 orcs (D:2)
  4 endoplasms
  A giant cockroach (D:2)
  3 hobgoblins
  5 jackals (D:1)
  2 kobolds
  A quokka (D:3)
  2 ball pythons
  4 bats
  A frilled lizard (D:1)
  4 goblins
  3 rats
38 creatures vanquished.

Notes
Turn   | Place    | Note
-------+----------+-------------------------------------------
     0 | D:1      | Lekart the Draconian Chaos Knight began the quest for the
                  | Orb.
     0 | D:1      | Reached XP level 1. HP: 19/19 MP: 1/1
   106 | D:1      | Reached XP level 2. HP: 11/26 MP: 2/2
   846 | D:1      | XOM: divination: magic mapping
   982 | D:2      | XOM: silly message
  1000 | D:2      | Reached XP level 3. HP: 17/33 MP: 3/3
  1365 | D:2      | XOM: silly message
  1446 | D:2      | Reached skill level 1 in Spellcasting
  1589 | D:2      | Noticed a killer bee
  1589 | D:2      | a bat changed into a killer bee
  1589 | D:2      | XOM: polymorph bat -> killer bee
  1592 | D:2      | Noticed a rime drake
  1592 | D:2      | a killer bee changed into a rime drake
  1604 | D:2      | Killed a rime drake
  1605 | D:2      | Reached XP level 4. HP: 27/40 MP: 4/7
  1605 | D:2      | Reached XP level 5. HP: 31/46 MP: 4/8
  1605 | D:2      | Reached XP level 6. HP: 35/52 MP: 4/9
  2032 | D:2      | Gained mutation: Your spells are a little harder to cast,
                  | but a little more powerful. [potion of mutation]
  2085 | D:2      | Killed from afar by an orc wizard

Illustrated notes

Levels and vault maps discovered:
D:1:      mrwooster_arrival_arrow, layout_loops_ring
D:2:      layout_loops_ring, minmay_tall_x
D:3:      layout_rooms, marbit_many_paths, ebering_ecumenical_altar_rust,
          grunt_ministairs_12, eino_curves_01, st_stairs_1,
          minmay_fractal_squares_5

Skill      XL: |  1  2  3 |
---------------+----------+-----
Spellcasting   | 2 |  2.2
Fighting       | 4 |  4.2
Long Blades    | 4 |  4.3
Throwing       | 2 |  2.8
Dodging        | |  2.9

Action                   |  1- 3 |  4- 6 || total
-------------------------+-------+-------++-------
Melee: Falchion          |    63 |    21 ||    84
       Tailslap          |     7 |     1 ||     8
Throw: Boomerang         |    48 |       ||    48
  Use: Potion            |     1 |     1 ||     2
       Scroll            |       |     1 ||     1
 Stab: Confused          |       |     1 ||     1
Armor: Skin              |    39 |    11 ||    50
Dodge: Dodged            |    62 |    21 ||    83
       Rpst.: Falchion   |    20 |     6 ||    26

Table legend: (Time is in decaauts)
 A = Elapsed time spent in this place.
 B = Non-inter-level travel time spent in this place.
 C = Inter-level travel time spent in this place.
 D = Time resting spent in this place.
 E = Time spent auto-exploring this place.
 F = Levels seen in this place.
 G = Mean time per level.
                   A        B        C        D        E       F      G
               +--------+--------+--------+--------+--------+-----+--------+
         Total |   2112 |   2076 |     36 |    465 |   1344 |   3 |  704.0 |
       Dungeon |   2112 |   2076 |     36 |    465 |   1344 |   3 |  704.0 |
               +--------+--------+--------+--------+--------+-----+--------+

Top non-repeatable levels by time:
     D:2: 1230 daAuts
     D:1: 865 daAuts
     D:3: 17 daAuts
